 Dungeon Crawl Stone Soup version 0.26-a0-926-g43279f1ce9 (webtiles) character file.

Game seed: 14529985475771576038

149644 Ijustatesigmund the Blocker (level 17, 0/124 HPs)
             Began as an Octopode Fighter on Nov 26, 2020.
             Was a High Priest of Cheibriados.
             Slain by a swamp dragon (17 damage)
             ... on level 1 of the Swamp.
             The game lasted 01:17:59 (32695 turns).

Ijustatesigmund the Blocker (Octopode Fighter)     Turns: 32695, Time: 01:18:00

Health: 0/124      AC:  8    Str: 35    XL:     17   Next: 51%
Magic:  49/54      EV: 23    Int: 28    God:    Cheibriados [*****.]
Gold:   2515       SH: 32    Dex: 30    Spells: 16/16 levels left

rFire    + . .     SeeInvis .   O - +10 broad axe "Cugashav" {venom, *Corrode Str+5}
rCold    . . .     Faith    .   b - +4 tower shield {AC+3}
rNeg     . . .     Spirit   .   r - +2 hat
rPois    .         Reflect  +   Q - amulet of reflection
rElec    .         Harm     .   f - ring of magical power
rCorr    .         Rampage  .   h - ring of protection from fire
MR       +....                  l - ring of flight
Stlth    ++++++++..             y - ring of magical power
HPRegen  0.30/turn              C - ring of magical power
MPRegen  0.34/turn              (no ring)
                                (no ring)
                                (no ring)

@: very slow
A: almost no armour, stealthy swim, amphibious, 8 rings, constrict 8, tentacle
spike 1, icy blue scales 1, camouflage 1, agile 1, gelatinous body 1
a: Bend Time, Temporal Distortion, Slouch, Step From Time, Renounce Religion,
Evoke Flight


You were on level 1 of the Swamp.
You worshipped Cheibriados.
Cheibriados was extremely pleased with you.
You visited 6 branches of the dungeon, and saw 26 of its levels.
You visited the Abyss 1 time.
You also visited: Gauntlet and Volcano.

You collected 2702 gold pieces.
You spent 187 gold pieces at shops.

Inventory:

Hand Weapons
 a - a +0 war axe of flaming
 s - a +9 flail of draining
 O - the +10 broad axe "Cugashav" (weapon) {venom, *Corrode Str+5}
   (You acquired it on level 3 of the Lair of Beasts)

   It poisons the flesh of those it strikes.
   It affects your strength (+5).
   It may corrode you when you take damage.
Missiles
 n - 20 curare-tipped darts (quivered)
Armour
 b - a +4 tower shield of protection (worn)
 r - a +2 hat (worn)
 G - a +2 hat of see invisible
Jewellery
 f - a ring of magical power (left tentacle)
 h - a ring of protection from fire (right tentacle)
 l - a ring of flight (on tentacle)
 q - an uncursed ring of ice
 y - a ring of magical power (on tentacle)
 C - a ring of magical power (on tentacle)
 Q - an amulet of reflection (around mantle)
 R - a +6 ring of intelligence
Wands
 c - a wand of enslavement (6)
 d - a wand of digging (15)
 i - a wand of polymorph (12)
 z - a wand of acid (4)
 H - a wand of iceblast (9)
 J - a wand of disintegration (7)
 N - a wand of flame (38)
Scrolls
 j - 3 scrolls of fog
 m - 7 scrolls of remove curse
 u - 3 scrolls of amnesia
 v - 8 scrolls of teleportation
 B - 3 scrolls of identify
 D - 3 scrolls of magic mapping
 F - 4 scrolls of enchant weapon
 I - a scroll of brand weapon
 K - 4 scrolls of summoning
 M - a scroll of blinking
Potions
 e - 6 potions of mutation
 g - 17 potions of curing
 k - 2 potions of resistance
 o - a potion of flight
 p - 8 potions of attraction
 t - 4 potions of magic
 w - 2 potions of brilliance
 x - a potion of might
 A - 3 potions of lignification
 L - a potion of cancellation
 P - a potion of heal wounds


   Skills:
 + Level 13.8 Fighting
 + Level 13.7(14.5) Axes
 - Level 8.9(12.3) Maces & Flails
 - Level 11.0 Dodging
 + Level 11.9 Stealth
 - Level 13.8 Shields
 + Level 13.5 Invocations
 - Level 3.4 Evocations


You had 16 spell levels left.
You didn't know any spells.
Your spell library contained the following spells:

 Spells                   Type           Power        Failure   Level
 Beastly Appendage        Tmut           #.....       43%         1
 Freeze                   Ice            #...         43%         1
 Sandblast                Erth           #.....       43%         1
 Passwall                 Tmut/Erth      #.......     56%         2
 Poisonous Vapours        Pois/Air       #.....       56%         2
 Wereblood                Tmut           #.......     56%         2
 Conjure Flame            Conj/Fire      #.......     80%         3
 Frozen Ramparts          Ice            #.....       80%         3
 Mephitic Cloud           Conj/Pois/Air  #.......     80%         3
 Ozocubu's Armour         Ice            #.......     80%         3
 Spider Form              Tmut/Pois      #.........   80%         3
 Stone Arrow              Conj/Erth      #.....       80%         3
 Cause Fear               Hex            #.........   99%         4
 Hailstorm                Conj/Ice       #.......     99%         4
 Ice Form                 Ice/Tmut       #.......     99%         4
 Petrify                  Tmut/Erth      #.......     99%         4
 Summon Ice Beast         Ice/Summ       #.......     99%         4
 Blade Hands              Tmut           #.........   100%        5
 Bolt of Magma            Conj/Fire/Erth #.........   100%        5
 Iskenderun's Battlesphe  Conj           #.......     100%        5
 Lee's Rapid Deconstruct  Erth           #.........   100%        5
 Silence                  Hex/Air        #.........   100%        5
 Yara's Violent Unravell  Hex/Tmut       #.........   100%        5
 Freezing Cloud           Conj/Ice/Air   #.........   100%        6
 Iron Shot                Conj/Erth      #.........   100%        6
 Orb of Destruction       Conj           #.........   100%        7
 Spellforged Servitor     Conj/Summ      #.........   100%        7
 Discord                  Hex            #.........   100%        8


Dungeon Overview and Level Annotations

Branches:
Dungeon (15/15)            Temple (1/1) D:7            Lair (6/6) D:11
  Swamp (1/4) Lair:2        Snake (0/4) Lair:4        Slime (0/5) Lair:6
    Orc (2/2) D:10            Elf (0/3) Orc:2        Vaults (0/5) D:14
 Depths (1/5) D:15        Volcano (visited)         Gauntlet (visited)

Altars:
Ashenzari
Cheibriados
Dithmenos
Elyvilon
Fedhas
Gozag
Hepliaklqana
Kikubaaqudgha
Makhleb
Nemelex Xobeh
Okawaru
Qazlal
Ru
Sif Muna
Trog
Uskayaw
Vehumet
Wu Jian
Xom
Yredelemnul
Zin
The Shining One

Shops:
D:4 !   D:6 [   D:8 *   Orc:2 }*[*:

Portals:
Abyss: Depths:1
Pandemonium: Orc:2 Depths:1

Annotations:
D:14 3 runed translucent doors, PanSaczeczos's ghost, adept MfVM
Lair:4 3 runed translucent doors, Itwuimug's ghost, journeyman DsWn; Kaudgh's ghost, journeyman MiFi


Innate Abilities, Weirdness & Mutations

You cannot wear most types of armour.
You are very stealthy in the water. (Stealth+)
You are amphibious.
You can wear up to eight rings at the same time.
You can use your tentacles to constrict eight enemies at once.
Your skin changes colour to match your surroundings (Stealth+).
Your rubbery body absorbs attacks. (AC +1, EV +1)
One of your tentacles bears a spike.
You are partially covered in icy blue scales. (AC +2)
You are agile. (Dex +2)


Message History

You block the alligator's attack. The alligator misses you.
You feel much better. You block the alligator's attack. x2
You block the goliath frog's attack. You block the alligator's attack.
The alligator tail-slaps you. The swamp dragon bites you!
* * * LOW HITPOINT WARNING * * *
The swamp dragon misses you. The swamp dragon tramples you.
* * * LOW HITPOINT WARNING * * *
You hold your ground!
The alligator barely misses you. The alligator tail-slaps you.
* * * LOW HITPOINT WARNING * * *
The tyrant leech bites you!
* * * LOW HITPOINT WARNING * * *
The tyrant leech draws strength from your injuries!
You can feel time thicken for a moment.
You kill the alligator!
Cheibriados appreciates the change of pace.
Cheibriados lowers the support of your attributes as your movement quickens.
You block the goliath frog's attack. The alligator closely misses you.
You block the alligator's attack. The swamp dragon bites you!
You die...

♣≈.≈.♣♣ ♣♣.♣♣ ≈) ♣♣.≈...♣
♣.♣ ≈♣. ♣♣♣.≈≈.≈≈♣ ♣.♣ ♣
≈≈.≈ ♣♣.≈..♣♣≈.♣ ♣.♣♣ ♣
≈≈≈≈≈♣♣.♣≈≈.≈≈≈.♣♣ ♣≈.♣♣♣
≈≈≈≈≈♣.[≈..≈.≈≈..♣ ♣...♣♣
≈.§...≈≈.≈≈.♣≈≈≈.♣♣..♣♣♣
.≈♣≈♣≈.D♣.≈≈≈..≈.♣♣♣≈≈♣♣♣
.≈≈≈≈≈t†@≈..≈.♣♣.♣♣♣≈≈..♣
≈.≈♣.≈.wtt≈≈≈..≈..♣.)....
≈....≈F≈≈≈≈.≈.≈.§.....♣..
≈≈≈≈≈≈..§≈>.♣.≈≈§≈≈..♣♣♣♣
≈§≈≈≈.≈.≈..♣♣.≈.≈≈≈.♣
≈♣♣.≈.≈≈≈≈.. ≈≈≈≈≈.♣
...♣.≈.≈≈.≈≈ .≈♣♣♣
..♣♣♣♣.....≈≈.♣


You could see 3 alligators, a swamp dragon, a tyrant leech (very poisoned) and a
goliath frog.

Vanquished Creatures
  5 tentacled starspawn (Abyss:2)
  Gastronok (Lair:2)
  The ghost of qipq the Eclecticist, a journeyman DECj of Sif Muna (D:13)
  A minotaur (Gauntlet)
  A starcursed mass (Abyss:2)
  Snorg (D:13)
  Fannar (D:10)
  A fire dragon (Depths:1)
  Erolcha (D:10)
  3 vault guards (D:14)
  2 boulder beetles
  Harold (D:11)
  2 ice dragons (Depths:1)
  2 naga warriors (D:13)
  8 hydras
  14 two-headed ogres
  9 centaur warriors
  A catoblepas (Lair:4)
  2 ogre magi
  An alligator (Swamp:1)
  A tengu warrior (D:14)
  3 death yaks (Lair:6)
  6 orc high priests (Orc:2)
  A sun demon (Orc:2)
  2 thrashing horrors (Abyss:2)
  A soul eater (Abyss:2)
  Sonja (D:13)
  2 wretched stars (Abyss:2)
  4 unseen horrors (Depths:1)
  3 skeletal warriors (D:15)
  An infernal demonspawn (Orc:2)
  A deep elf archer (D:13)
  A swamp dragon (Swamp:1)
  2 wizards
  A glowing orange brain (shapeshifter) (Depths:1)
  2 lindwurms (Volcano)
  8 orc knights
  10 ugly things
  2 deep elf magi
  3 oklob plants (Lair:5)
  9 orc sorcerers
  3 cyclopes
  Joseph (D:10)
  A manticore (D:13)
  22 elephants
  2 naga magi (D:15)
  2 rust devils (Orc:2)
  3 black mambas
  2 torpor snails
  Psyche (D:9)
  2 smoke demons
  A molten gargoyle (Volcano)
  16 cane toads
  3 gargoyles
  Maggie (D:9)
  3 rime drakes
  5 komodo dragons
  An ice devil (Abyss:2)
  A yaktaur (D:14)
  10 trolls
  A hellwing (Orc:2)
  A tengu conjurer (D:14)
  4 large abominations
  7 hornets (Lair:6)
  3 meliai (D:14)
  12 polar bears
  9 blink frogs (Lair:6)
  15 slime creatures
  14 dream sheep
  A frost giant simulacrum (Abyss:2)
  3 flying skulls (Abyss:2)
  3 shadows
  55 yaks
  A water elemental (D:13)
  15 spriggans (Lair:6)
  A human (shapeshifter) (Depths:1)
  3 ynoxinuls
  2 vampires
  3 wraiths
  6 wyverns
  5 fire elementals (Volcano)
  A human (D:14)
  3 fire bats (Abyss:2)
  11 vampire mosquitoes
  4 basilisks
  3 wargs (Orc:2)
  Edmund (D:5)
  A soldier ant (D:13)
  2 hell hounds (Orc:2)
  2 swamp worms (Swamp:1)
  18 water moccasins
  A sky beast (shapeshifter) (D:15)
  33 orc warriors
  7 ice beasts
  3 black bears
  A necrophage (D:10)
  2 sky beasts
  5 phantoms
  An eye of draining (D:15)
  17 ogres
  22 centaurs
  8 boggarts
  22 wolves (Lair:6)
  2 big kobolds
  11 small abominations
  5 earth elementals (Volcano)
  16 bullfrogs
  A gnoll sergeant (D:6)
  2 jellies
  2 wyvern zombies
  A wyvern skeleton (D:13)
  6 scorpions
  24 wights
  4 killer bees
  4 troll zombies (D:10)
  3 electric eels
  2 bullfrog zombies
  2 centaur zombies
  3 quasits
  3 bullfrog skeletons
  9 hounds
  Crazy Yiuf (D:2)
  26 orc priests
  19 orc wizards
  4 centaur skeletons
  A gnoll shaman (D:8)
  3 iguanas
  6 hell rats (Lair:5)
  12 worker ants
  4 ogre zombies (D:10)
  A hound skeleton (D:4)
  A howler monkey zombie (D:8)
  18 gnolls
  17 adders
  3 shadow imps
  2 white imps
  4 ufetubi
  An ooze (D:2)
  An adder skeleton (D:7)
  2 worms
  2 leopard geckos
  87 orcs
  6 giant cockroaches
  10 goblins
  9 hobgoblins
  18 jackals
  17 kobolds
  2 quokkas
  4 bats (D:3)
  5 frilled lizards
  A goblin skeleton (D:10)
  4 goblin zombies (D:10)
  2 hobgoblin skeletons (D:10)
  2 hobgoblin zombies (D:10)
  A jackal skeleton (D:9)
  6 orc skeletons (D:10)
  10 orc zombies (D:10)
  A quokka skeleton (D:5)
  9 rats
  2 fire vortices (Volcano)
  A plant (Lair:5)
  3 starspawn tentacles (Abyss:2)
962 creatures vanquished.

Vanquished Creatures (collateral kills)
  2 orcs (D:13)
2 creatures vanquished.

Vanquished Creatures (others)
  An ogre mage (D:14)
  An orc warrior (Orc:2)
  An eye of draining (Abyss:2)
  29 fungi
  67 plants
  7 starspawn tentacles (Abyss:2)
  3 withered plants
109 creatures vanquished.

Grand Total: 1073 creatures vanquished

Notes
Turn   | Place    | Note
-------+----------+-------------------------------------------
     0 | D:1      | Ijustatesigmund the Octopode Fighter began the quest for
                  | the Orb.
     0 | D:1      | Reached XP level 1. HP: 16/16 MP: 1/1
   269 | D:1      | Reached XP level 2. HP: 21/21 MP: 2/2
   791 | D:2      | Reached XP level 3. HP: 22/26 MP: 3/3
  1229 | D:2      | Found a runed translucent door.
  1230 | D:2      | Noticed Crazy Yiuf
  1238 | D:2      | Killed Crazy Yiuf
  1239 | D:2      | Reached XP level 4. HP: 8/33 MP: 4/4
  1882 | D:2      | Reached XP level 5. HP: 37/37 MP: 5/5
  1896 | D:2      | Found a sparkling altar of Nemelex Xobeh.
  2052 | D:3      | Reached skill level 1 in Stealth
  3409 | D:4      | Noticed a black bear
  3415 | D:4      | Killed a black bear
  3416 | D:4      | Reached XP level 6. HP: 39/43 MP: 6/6
  3548 | D:4      | Noticed a phantom
  3601 | D:4      | Killed a phantom
  3926 | D:4      | Found an iron altar of Okawaru.
  3976 | D:4      | Reached XP level 7. HP: 49/49 MP: 7/7
  3991 | D:4      | Found Raojyex's Distillery.
  3999 | D:4      | Bought a potion of mutation for 96 gold pieces
  3999 | D:4      | Gained mutation: You are partially covered in icy blue
                  | scales. (AC +2) [potion of mutation]
  3999 | D:4      | Gained mutation: You are agile. (Dex +2) [potion of
                  | mutation]
  3999 | D:4      | Gained mutation: One of your tentacles bears a spike.
                  | [potion of mutation]
  4247 | D:5      | Entered Level 5 of the Dungeon
  4256 | D:5      | Noticed Edmund
  5009 | D:5      | Reached skill level 5 in Fighting
  5009 | D:5      | Reached skill level 5 in Axes
  5027 | D:5      | Reached XP level 8. HP: 24/55 MP: 8/8
  5206 | D:5      | Killed Edmund
  5375 | D:5      | Reached skill level 5 in Shields
  5730 | D:5      | Found a basalt altar of Yredelemnul.
  5745 | D:5      | Reached skill level 5 in Dodging
  5804 | D:5      | Found a bloodstained altar of Trog.
  5805 | D:5      | Found a radiant altar of Vehumet.
  5906 | D:5      | Found a stormy altar of Qazlal.
  5908 | D:5      | Found a glowing silver altar of Zin.
  6204 | D:6      | Found a shimmering altar of Xom.
  6455 | D:6      | Found Tamelit's Armour Boutique.
  6692 | D:6      | Found a burning altar of Makhleb.
  7229 | D:6      | Found a sacrificial altar of Ru.
  7229 | D:6      | Found a shimmering blue altar of Sif Muna.
  7234 | D:6      | Reached XP level 9. HP: 57/62 MP: 9/9
  7300 | D:7      | Found a staircase to the Ecumenical Temple.
  7313 | Temple   | Entered the Ecumenical Temple
  7320 | Temple   | Became a worshipper of Cheibriados the Contemplative
  7359 | D:7      | Reached skill level 1 in Invocations
  7682 | D:7      | Reached * piety under Cheibriados
  7785 | D:7      | Found a broken altar of Ashenzari.
  7848 | D:7      | Identified a scroll of acquirement
  7848 | D:7      | Acquired a +2 tower shield of protection
  8555 | D:8      | Noticed a two-headed ogre
  8560 | D:8      | Killed a two-headed ogre
  8561 | D:8      | Reached XP level 10. HP: 16/71 MP: 13/13
  8929 | D:8      | Reached ** piety under Cheibriados
  8961 | D:8      | Found a radiant altar of Vehumet.
  9165 | D:8      | Found Kualirru's Assorted Antiques.
  9242 | D:8      | Bought a cyan potion for 23 gold pieces
  9242 | D:8      | Bought a scroll labelled VATUOPTIDI for 26 gold pieces
  9271 | D:8      | Found a shadowy altar of Dithmenos.
  9295 | D:8      | Reached skill level 1 in Maces & Flails
  9449 | D:9      | Reached *** piety under Cheibriados
  9616 | D:9      | Reached skill level 5 in Invocations
 10045 | D:9      | Reached **** piety under Cheibriados
 10046 | D:9      | Noticed Maggie
 10057 | D:9      | Killed Maggie
 10102 | D:9      | Noticed Psyche
 10105 | D:9      | Killed Psyche
 10208 | D:9      | Reached XP level 11. HP: 77/77 MP: 15/15
 10209 | D:9      | Identified the cursed +0 ring mail of Piqan {+Inv Str+5
                  | Dex-5}
 10217 | D:9      | Reached skill level 5 in Maces & Flails
 10683 | D:10     | Entered Level 10 of the Dungeon
 10780 | D:10     | Noticed Joseph
 10785 | D:10     | Killed Joseph
 10968 | D:10     | Reached ***** piety under Cheibriados
 11119 | D:10     | Found a staircase to the Orcish Mines.
 11298 | D:10     | Noticed Fannar
 11311 | D:10     | Killed Fannar
 11524 | D:10     | You fall into a shaft and drop 3 floors!
 11768 | D:13     | Noticed a two-headed ogre
 11768 | D:13     | Noticed a two-headed ogre
 11769 | D:13     | Noticed a two-headed ogre
 11776 | D:13     | Killed a two-headed ogre
 11789 | D:13     | Noticed a two-headed ogre
 11790 | D:13     | Noticed an ogre mage
 11805 | D:13     | Killed an ogre mage
 11810 | D:13     | Killed a two-headed ogre
 11815 | D:13     | Killed a two-headed ogre
 11816 | D:13     | Reached XP level 12. HP: 42/84 MP: 16/16
 11933 | D:13     | Killed a two-headed ogre
 12344 | D:12     | Reached ****** piety under Cheibriados
 12415 | D:11     | Noticed Harold
 12421 | D:11     | Killed Harold
 12574 | D:11     | Found a staircase to the Lair.
 12676 | D:10     | Noticed Erolcha
 12686 | D:10     | Killed Erolcha
 13931 | D:12     | Noticed a six-headed hydra
 13939 | D:12     | Killed a six-headed hydra
 14320 | D:13     | Noticed a two-headed ogre
 14320 | D:13     | Noticed Sonja
 14320 | D:13     | Noticed Snorg
 14326 | D:13     | Killed a two-headed ogre
 14330 | D:13     | Killed Sonja
 14860 | D:13     | Noticed a centaur warrior
 14865 | D:13     | Reached skill level 10 in Shields
 14876 | D:13     | Killed a centaur warrior
 15206 | D:13     | Killed Snorg
 15207 | D:13     | Reached XP level 13. HP: 66/92 MP: 19/19
 15473 | D:13     | Found a runed translucent gate.
 15474 | D:13     | Found a runed translucent gate.
 15479 | D:13     | Found a runed translucent gate.
 15866 | D:13     | Noticed qipq's ghost (journeyman DECj)
 15869 | D:13     | Found an iron altar of Okawaru.
 15884 | D:13     | Reached skill level 10 in Fighting
 15902 | D:13     | Killed qipq's ghost
 16557 | D:14     | Reached skill level 10 in Axes
 16860 | D:14     | Found a runed translucent gate.
 16860 | D:14     | Found a runed translucent gate.
 16963 | D:14     | Found a runed translucent gate.
 16965 | D:14     | Noticed a spectral juggernaut
 16968 | D:14     | Noticed PanSaczeczos's ghost (adept MfVM)
 17003 | D:14     | Reached skill level 1 in Evocations
 17196 | D:14     | Noticed a vault guard
 17210 | D:14     | Killed a vault guard
 17280 | D:14     | Reached skill level 5 in Stealth
 17356 | D:14     | Noticed a vault guard
 17684 | D:14     | Killed a vault guard
 17705 | D:14     | Found a gate to the Vaults.
 17705 | D:14     | Noticed a vault guard
 17712 | D:14     | Killed a vault guard
 18137 | D:14     | Reached XP level 14. HP: 99/99 MP: 21/21
 18304 | D:14     | Found an iron altar of Okawaru.
 18660 | D:15     | Entered Level 15 of the Dungeon
 18951 | D:15     | Reached skill level 10 in Invocations
 19075 | D:15     | Found a glowing golden altar of the Shining One.
 20556 | D:15     | Found a staircase to the Depths.
 20871 | Lair:1   | Entered Level 1 of the Lair of Beasts
 21673 | Lair:2   | Noticed Gastronok
 21699 | Lair:2   | Found a gate leading to a gauntlet.
 21708 | Gauntlet | Entered a Gauntlet
 21708 | Gauntlet | Found a transporter.
 21715 | Gauntlet | Found a transporter.
 21718 | Gauntlet | Found a transporter.
 21728 | Gauntlet | Found a transporter.
 21732 | Gauntlet | Found a transporter.
 21740 | Gauntlet | Found a transporter.
 21744 | Gauntlet | Found a transporter.
 21752 | Gauntlet | Found a transporter.
 21757 | Gauntlet | Found a transporter.
 21759 | Gauntlet | Noticed a dire elephant
 21767 | Gauntlet | Found a transporter.
 21789 | Gauntlet | Found a transporter.
 21801 | Gauntlet | Found a transporter.
 21813 | Gauntlet | Found a transporter.
 21825 | Gauntlet | Found a transporter.
 21993 | Lair:2   | Reached XP level 15. HP: 108/108 MP: 23/23
 22024 | Lair:2   | Killed Gastronok
 22349 | Lair:2   | Found a staircase to the Swamp.
 22358 | Lair:2   | Got a heavily runed iron ring
 22359 | Lair:2   | Identified the ring of Departure {+Fly Stlth-} (You found
                  | it on level 2 of the Lair of Beasts)
 23368 | Lair:3   | Acquired the +10 broad axe "Cugashav" {venom, *Corrode
                  | Str+5}
 24145 | Lair:4   | Found a staircase to the Snake Pit.
 24172 | Lair:4   | Found a runed translucent gate.
 24173 | Lair:4   | Found a runed translucent gate.
 24214 | Lair:4   | Found a runed translucent gate.
 24809 | Lair:4   | Noticed Kaudgh's ghost (journeyman MiFi)
 24810 | Lair:4   | Noticed Itwuimug's ghost (journeyman DsWn)
 24846 | Lair:5   | Got an ancient kite shield
 24857 | Lair:5   | Identified the +4 kite shield of the Bells {Slay+2} (You
                  | found it on level 5 of the Lair of Beasts)
 25041 | Lair:5   | Reached skill level 10 in Dodging
 26443 | Lair:6   | Entered Level 6 of the Lair of Beasts
 26636 | Lair:6   | Reached XP level 16. HP: 114/114 MP: 24/24
 27255 | Lair:6   | Found a staircase to the Slime Pits.
 27548 | Orc:1    | Entered Level 1 of the Orcish Mines
 28143 | Orc:1    | Paralysed by an orc sorcerer for 5 turns
 28387 | Orc:2    | Entered Level 2 of the Orcish Mines
 28443 | Orc:2    | Found a dark tunnel.
 28452 | Volcano  | Entered a volcano
 29132 | Orc:2    | Found a staircase to the Elven Halls.
 29187 | Orc:2    | Found Sukhi's General Store.
 29189 | Orc:2    | Found Bisics's General Store.
 29337 | Orc:2    | Bought a scroll of teleportation for 42 gold pieces
 29522 | Orc:2    | Found Xatyh's Book Boutique.
 29648 | Orc:2    | Paralysed by an orc sorcerer for 2 turns
 29677 | Orc:2    | Reached skill level 10 in Stealth
 29734 | Orc:2    | Found Coced's Gadget Shoppe.
 29734 | Orc:2    | Found Susk's Antique Armour Emporium.
 29734 | Orc:2    | Found a one-way gate leading to the halls of Pandemonium.
 30499 | Depths:1 | Entered Level 1 of the Depths
 30624 | Depths:1 | Reached XP level 17. HP: 123/123 MP: 26/26
 30671 | Depths:1 | Cast into level 2 of the Abyss (a wizard)
 30766 | Abyss:2  | Noticed a tentacled starspawn
 30775 | Abyss:2  | Killed a tentacled starspawn
 30859 | Abyss:2  | Noticed a tentacled starspawn
 30872 | Abyss:2  | Noticed a tentacled starspawn
 30881 | Abyss:2  | Killed a tentacled starspawn
 31028 | Abyss:2  | Noticed a tentacled starspawn
 31029 | Abyss:2  | Noticed a Hell Sentinel
 31030 | Abyss:2  | Noticed a tentacled starspawn
 31037 | Abyss:2  | Killed a tentacled starspawn
 31040 | Abyss:2  | Killed a tentacled starspawn
 31047 | Abyss:2  | Noticed a tentacled starspawn
 31104 | Abyss:2  | Killed a tentacled starspawn
 31110 | Depths:1 | Escaped the Abyss
 32261 | Depths:1 | Found a one-way gate to the infinite horrors of the Abyss.
 32626 | Swamp:1  | Entered Level 1 of the Swamp
 32695 | Swamp:1  | Slain by a swamp dragon

Illustrated notes

Levels and vault maps discovered:
D:1:      dpeg_arrival_stone_temple_mockup, layout_basic
D:2:      layout_basic, ebering_dispersal_statue_hall,
          nemelex_xobeh_ov_fountains_minmay, uniq_crazy_yiuf_cottage
D:3:      layout_basic
D:4:      kennysheep_the_goblin_king, layout_rooms, kennysheep_mini,
          serial_shops, shop
D:5:      layout_rooms, yredelemnul_altar_generic,
          nicolae_overflow_hidden_temple, hangedman_decor_peaks_small,
          uniq_edmund
D:6:      layout_loops_corners, gammafunk_temple_overflow_elements,
          makhleb_heckhound_becter, serial_shops, shop_statue, xom_teletrap_fun
D:7:      layout_loops_corners, cheibrodos_ashenzari_chains, temple_pool_b
D:8:      layout_rooms, serial_shops, shop_fountains, basic_altar,
          nicolae_lava_and_water, nicolae_dithmenos_the_darkroom
D:9:      layout_stronghold, uniq_maggie, uniq_psyche
D:10:     layout_gridville, zombieorc2_lemuel, uniq_fannar, uniq_erolcha,
          uniq_joseph
D:11:     layout_loops_ring, lair_entry_dummy, uniq_harold
D:12:     layout_stronghold
D:13:     layout_irregular_city, serial_column_ruins,
          column_ruins_corridor_plus, column_ruins_grid_1,
          column_ruins_open_medium, column_ruins_open_small,
          column_ruins_grid_1, column_ruins_open_small_water,
          gammafunk_ghost_fury_of_okawaru, minivault_4, uniq_sonja, uniq_snorg
D:14:     layout_roguey, grunt_vaults_entry_fortified,
          gammafunk_ghost_necromancy, basic_altar, serial_park_tiny_2,
          serial_curves, eino_curves_04, eino_curves_03
D:15:     grunt_enter_depths_magical_seal, layout_rooms, basic_altar,
          minmay_misc_feat_pillars, chequers_serial_rivers_micro_c
Temple:   nicolae_temple_no_exploring_needed
Lair:1:   layout_chaotic_city, lemuel_fruit_tree
Lair:2:   layout_loops_ring, swamp_mist, gauntlet_entry_generic,
          grunt_megastairs_2, uniq_gastronok
Lair:3:   layout_chaotic_city, minmay_hedge_maze
Lair:4:   layout_roguey, dummy_snake_entry, gammafunk_ghost_cemetery,
          serial_bayou_pond_d, hibernation_bobbens
Lair:5:   layout_gridlike, serial_bayou_lagoon_b, minmay_lair_oklob_chamber
Lair:6:   minmay_lair_end_enchanted_forest, layout_hall_layers, slime_dummy
Swamp:1:  layout_falls_marsh, evilmike_swamp_ruin_house_4
Orc:1:    nicolae_orc_accident_1, layout_caves
Orc:2:    pf_orc_diabolical, layout_diamond_mine, serial_shops,
          nicolae_shop_statue_plus, enter_volcano_3
Depths:1: layout_cave_pools, minmay_room_of_horrors, pf_hell_entry_great_geh,
          grunt_pan_entry_spiral, chequers_serial_rivers_micro_c,
          lemuel_flamethrower_3

Skill      XL: |  1  2  3  4  5  6  7  8  9 10 11 12 13 14 15 16 17 |
---------------+----------------------------------------------------+-----
Axes           | 3 4 5 6 7 8 9 10 11 12 13 | 13.7
Stealth        | 4 5 6 10 11 | 11.9
Fighting       | 4 5 6 7 8 9 10 11 12 13 | 13.8
Shields        | 4 5 8 9 10 11 12 13 | 13.8
Dodging        | 4 5 6 8 9 11 | 11.0
Invocations    | 4 5 6 8 9 11 12 13 | 13.5
Maces & Flails | 4 8 |  8.9
Evocations     | 2 3 |  3.4

Action                   |  1- 3 |  4- 6 |  7- 9 | 10-12 | 13-15 | 16-18 || total
-------------------------+-------+-------+-------+-------+-------+-------++-------
Melee: War axe           |    52 |   101 |   156 |       |       |       ||   309
       Constrict         |    14 |    24 |    46 |    71 |    80 |    94 ||   329
       Tentacles         |     3 |    22 |    47 |   118 |   262 |   186 ||   638
       Kick              |       |       |    85 |   214 |   397 |   306 ||  1002
       Flail             |       |       |    72 |   392 |   434 |     1 ||   899
       Broad axe         |       |       |       |       |   172 |   474 ||   646
Throw: Dart              |       |       |     7 |     9 |    10 |     4 ||    30
Invok: Slouch            |       |       |       |     1 |    10 |     8 ||    19
       Bend Time         |       |       |       |       |     1 |       ||     1
       Step From Time    |       |       |       |       |       |     3 ||     3
Evoke: Wand              |       |     9 |     3 |       |    14 |     1 ||    27
  Use: Scroll            |       |    10 |     9 |    13 |    13 |     7 ||    52
       Potion            |       |     2 |     1 |     1 |     4 |     3 ||    11
 Stab: Sleeping          |     3 |    12 |    11 |    19 |    30 |    14 ||    89
       Distracted        |     1 |       |     1 |     5 |     6 |     9 ||    22
       Paralysed         |       |       |       |       |     5 |       ||     5
       Invisible         |       |       |       |       |     4 |       ||     4
Armor: Skin              |     2 |     9 |    28 |    38 |    48 |    23 ||   148
Dodge: Dodged            |    20 |    36 |   101 |   157 |   260 |   178 ||   752
Block: Kite shield       |    27 |    38 |    76 |       |       |       ||   141
       Tower shield      |       |       |    38 |   438 |   774 |   593 ||  1843
       Reflection        |       |       |       |       |     4 |    13 ||    17

Table legend: (Time is in decaauts)
 A = Elapsed time spent in this place.
 B = Non-inter-level travel time spent in this place.
 C = Inter-level travel time spent in this place.
 D = Time resting spent in this place.
 E = Time spent auto-exploring this place.
 F = Levels seen in this place.
 G = Mean time per level.
                   A        B        C        D        E       F      G
               +--------+--------+--------+--------+--------+-----+--------+
         Total |  44040 |  41915 |   2125 |  10450 |  23959 |  29 | 1518.6 |
       Dungeon |  26843 |  25253 |   1590 |   7982 |  13203 |  15 | 1789.5 |
        Temple |     16 |      8 |      8 |      0 |      0 |   1 |   16.0 |
          Lair |  10281 |   9876 |    405 |   1006 |   7281 |   6 | 1713.5 |
         Swamp |    126 |    126 |      0 |      0 |     87 |   1 |  126.0 |
  Orcish Mines |   3716 |   3623 |     93 |    556 |   2371 |   2 | 1858.0 |
        Depths |   1479 |   1452 |     27 |    633 |    552 |   1 | 1479.0 |
         Abyss |    652 |    652 |      0 |     50 |    353 |   1 |  652.0 |
       Volcano |    459 |    459 |      0 |    223 |     62 |   1 |  459.0 |
      Gauntlet |    465 |    465 |      0 |      0 |     50 |   1 |  465.0 |
               +--------+--------+--------+--------+--------+-----+--------+

Top non-repeatable levels by time:
    D:13: 3493 daAuts
    D:14: 3486 daAuts
    D:15: 3130 daAuts
  Lair:5: 2443 daAuts
   Orc:2: 2383 daAuts
    D:12: 1956 daAuts
  Lair:4: 1787 daAuts
  Lair:3: 1778 daAuts
    D:10: 1685 daAuts
     D:6: 1650 daAuts
     D:9: 1622 daAuts
     D:7: 1564 daAuts
  Lair:6: 1523 daAuts
Depths:1: 1479 daAuts
     D:3: 1449 daAuts
